 Dungeon Crawl Stone Soup version 0.26-a0-602-gd42a14c23b (webtiles) character file.

Game seed: 3230365581857541134

56 tardigrada the Changer (level 3, -4/17 HPs)
             Began as a Felid Transmuter on Aug 30, 2020.
             Killed by divine providence
             ... invoked by an orc priest
              (12 damage)
             ... on level 3 of the Dungeon.
             The game lasted 00:03:45 (1596 turns).

tardigrada the Changer (Felid Transmuter)           Turns: 1596, Time: 00:03:45

Health: -4/17      AC:  2    Str:  7    XL:     3   Next: 71%
Magic:  5/7        EV: 25    Int: 14    God:
Gold:   81         SH:  0    Dex: 21    Spells: 0/6 levels left
                                        Lives:  0   Deaths: 1

rFire    . . .     SeeInvis +     - Unarmed
rCold    . . .     Faith    .   (shield unavailable)
rNeg     . . .     Spirit   .   (armour unavailable)
rPois    x         Reflect  .   (helmet unavailable)
rElec    .         Harm     .   (cloak unavailable)
rCorr    .                      (gloves unavailable)
MR       .....                  (boots unavailable)
Stlth    ++........             (no amulet)
HPRegen  0.05/turn              i - +4 ring of evasion
MPRegen  0.10/turn              (no ring)

@: spider-form (expiring)
A: tiny, no armour, no weapons or thrown items, stealth, see invisible
a: End Transformation


You were on level 3 of the Dungeon.
You were a venomous arachnid creature.
You visited 1 branch of the dungeon, and saw 3 of its levels.

You collected 81 gold pieces.

Inventory:

Jewellery
 i - a +4 ring of evasion (left front leg)
Scrolls
 a - 3 scrolls of amnesia {unknown}
 b - a scroll of remove curse {unknown}
 d - 2 scrolls of identify {unknown}
Potions
 c - a potion of resistance {unknown}
 e - a potion of degeneration {unknown}
 f - a potion of curing {unknown}
 g - a potion of magic {unknown}
 h - a potion of heal wounds {unknown}


   Skills:
 + Level 3.1 Fighting
 - Level 2.6 Dodging
 - Level 3.0 Unarmed Combat
 - Level 2.0 Spellcasting
 - Level 4.0 Transmutations
 - Level 1.0 Poison Magic


You couldn't memorise any spells.
You knew the following spells:

 Your Spells              Type           Power        Failure   Level
a - Beastly Appendage     Tmut           ##....       14%         1
b - Spider Form           Tmut/Pois      #.........   47%         3
c - Wereblood             Tmut           ##......     19%         2

Your spell library contained the following spells:

 Spells                   Type           Power        Failure   Level
 Ice Form                 Ice/Tmut       #.......     87%         4
 Blade Hands              Tmut           ##........   90%         5


Dungeon Overview and Level Annotations

Branches:
Dungeon (3/15)

Altars:


Innate Abilities, Weirdness & Mutations

You cannot wear armour.
You are incapable of wielding weapons or throwing items.
Your paws allow you to move quietly. (Stealth)
((You have sharp claws.))
((You have razor-sharp teeth.))
You have supernaturally acute eyesight. (SInv)
((You cover ground quickly.))
((You are covered in fur. (AC +1)))
((Your sharp claws are effective at attacking unaware monsters.))


Message History

The hobgoblin completely misses you. The kobold completely misses you.
Found a mace.
You hit the hobgoblin.
The hobgoblin is poisoned.
The hobgoblin is almost dead.
You hit the hobgoblin but do no damage.
The hobgoblin looks as sick as possible!
The hobgoblin is almost dead.
You kill the hobgoblin!
The kobold closely misses you.
You hit the orc.
The orc is poisoned.
The orc is heavily wounded.
The kobold completely misses you. The orc completely misses you.
The orc priest completely misses you.
You barely miss the orc.
The orc is heavily wounded.
The kobold hits you. The orc hits you with a +0 flail.
The orc priest invokes the aid of Beogh against you.
Beogh smites you!
Ouch! That really hurt!
You die...

#†.<# #!.g###.#
##o.. #.## #
..o.. ##.....
#o##.## .....#
# ).....
#.##.##..
......##o##....
.## #o)o...###
.##.Ks...#
.........)(#
#.###.....(#
#?...!.#
...........
####.####...
... .### .##.
.# ..


You could see an orc priest, 2 orcs and a kobold.

Vanquished Creatures
  Terence (D:2)
  2 gnolls (D:2)
  2 adders (D:2)
  A dart slug (D:2)
  4 leopard geckos
  A ball python (D:2)
  7 bats
  3 giant cockroaches
  6 hobgoblins
  2 jackals (D:2)
  6 kobolds
  2 quokkas (D:2)
  3 frilled lizards
  3 goblins
  2 rats (D:1)
45 creatures vanquished.

Notes
Turn   | Place    | Note
-------+----------+-------------------------------------------
     0 | D:1      | tardigrada the Felid Transmuter began the quest for the
                  | Orb.
     0 | D:1      | Reached XP level 1. HP: 9/9 MP: 4/4
   176 | D:1      | Reached XP level 2. HP: 9/13 MP: 4/6
   866 | D:2      | Reached skill level 3 in Transmutations
   875 | D:2      | Noticed Terence
   894 | D:2      | Reached XP level 3. HP: 8/16 MP: 5/7
   910 | D:1      | Learned a level 3 spell: Spider Form
   913 | D:1      | Learned a level 2 spell: Wereblood
  1289 | D:2      | Killed Terence
  1289 | D:2      | Reached skill level 4 in Transmutations
  1289 | D:2      | Reached skill level 1 in Poison Magic
  1289 | D:2      | Reached XP level 4. HP: 19/19 MP: 4/8
  1584 | D:3      | Slain by a hobgoblin
  1585 | D:3      | Reached XP level 3. HP: 0/17 MP: 4/7
  1596 | D:3      | Killed from afar by an orc priest

Illustrated notes

Levels and vault maps discovered:
D:1:      wander_arrival_chamber, layout_loops_ring
D:2:      layout_loops_cross, chequers_ecumenical_altar_twisty,
          skrybe_limestone_x, uniq_robin, uniq_terence
D:3:      layout_loops_cross

Skill      XL: |  1  2  3  4 |
---------------+-------------+-----
Fighting       | 2 3 |  3.1
Transmutations | 3 4 |  4.0
Poison Magic   | 1 |  1.0
Dodging        | |  2.6
Unarmed Combat | |  3.0
Spellcasting   | |  2.0

Action                   |  1- 3 |  4- 6 || total
-------------------------+-------+-------++-------
Melee: Unarmed           |    85 |    30 ||   115
       Bite              |     3 |       ||     3
       Punch             |     1 |       ||     1
       Headbutt          |     2 |       ||     2
 Cast: Beastly Appendage |    10 |     1 ||    11
       Spider Form       |     3 |     3 ||     6
 Stab: Sleeping          |     6 |       ||     6
Armor: Skin              |     4 |     1 ||     5
Dodge: Dodged            |    86 |    24 ||   110

Table legend: (Time is in decaauts)
 A = Elapsed time spent in this place.
 B = Non-inter-level travel time spent in this place.
 C = Inter-level travel time spent in this place.
 D = Time resting spent in this place.
 E = Time spent auto-exploring this place.
 F = Levels seen in this place.
 G = Mean time per level.
                   A        B        C        D        E       F      G
               +--------+--------+--------+--------+--------+-----+--------+
         Total |   1410 |   1371 |     39 |    249 |    799 |   3 |  470.0 |
       Dungeon |   1410 |   1371 |     39 |    249 |    799 |   3 |  470.0 |
               +--------+--------+--------+--------+--------+-----+--------+

Top non-repeatable levels by time:
     D:1: 923 daAuts
     D:2: 461 daAuts
     D:3: 24 daAuts
